 Dungeon Sprint DCSS version 0.19-a0-1732-g0b18a7b (webtiles) character file.

9800 Loading the Bludgeoner (level 11, -19/94 HPs)
             Began as a Minotaur Fighter on Sept 30, 2016.
             Was the Champion of Hepliaklqana.
             Demolished by a reaper
             ... wielding a +3 scythe of freezing
              (33 damage)
             ... in the Dungeon (Sprint V: "Ziggurat Sprint").
             The game lasted 00:14:12 (1887 turns).

Loading the Bludgeoner (Minotaur Fighter)           Turns: 1887, Time: 00:14:14

Health: -19/94     AC: 23    Str: 28    XL:     11   Next: 27%
Magic:  24/26      EV:  5    Int:  5    God:    Hepliaklqana [******]
Gold:   0          SH: 32    Dex: 12    Spells: 0 memorised, 10 levels left

rFire  + + .     SeeInvis .     L - +6 shillelagh "Devastator" {shatter}
rCold  + + .     Gourm    .     N - +5 gold dragon armour
rNeg   + . .     Faith    .     J - +18 shield of the Gong {rElec rN+ MR+ EV-5}
rPois  +         Spirit   .     (helmet restricted)
rElec  +         Dismiss  .     (no cloak)
rCorr  .         Reflect  .     (no gloves)
MR     +....     Harm     .     (no boots)
Stlth  .......... NoTele   +    (no amulet)
                                P - ring "Fuulomoenk" {rF+ rC+ MP+9}
                                D - +6 ring of strength

@: slowed, very slow
A: retaliatory headbutt, reduced essence, horns 2
a: Recall Ancestor, Ancestor Identity, Transference, Idealise, Renounce Religion


You were in the Dungeon.
You worshipped Hepliaklqana.
Hepliaklqana was exalted by your worship.
You were completely stuffed.

You visited 1 branch

Inventory:

Hand Weapons
 K - the +7 great mace "Firestarter" {inner flame, rF++}
   (You found it in the Dungeon)

   It has been specially enchanted to burn those struck by it, causing extra
   injury to most foes and up to half again as much damage against particularly
   susceptible opponents.
   It greatly protects you from fire.
 L - the +6 shillelagh "Devastator" (weapon) {shatter}
   (You found it in the Dungeon)
 T - the +4 demon whip "Usoamm" {venom, Int+4}
   (You found it in the Dungeon)

   It poisons the flesh of those it strikes.
   It affects your intelligence (+4).
Armour
 J - the +18 shield of the Gong (worn) {rElec rN+ MR+ EV-5}
   (You found it in the Dungeon)

   It affects your evasion (-5).
   It insulates you from electricity.
   It protects you from negative energy.
   It affects your resistance to hostile enchantments.
 M - a +5 crystal plate armour
 N - a +5 gold dragon armour (worn)
 R - a +2 helmet of intelligence
Jewellery
 b - the ring "Kutif" {rF+ Dex+4}
   (You found it in the Dungeon)

   [ring of dexterity]

   It affects your dexterity (+4).
   It protects you from fire.
 c - an uncursed amulet of guardian spirit
 o - an uncursed ring of stealth
 y - a +6 ring of dexterity
 A - a +6 ring of dexterity
 B - a +6 ring of intelligence
 C - a +6 ring of intelligence
 D - a +6 ring of strength (left hand)
 E - a +6 ring of strength
 O - the ring "Qumif" {+Blink +Fly rF- Int+5}
   (You found it in the Dungeon)

   [ring of flight]

   It affects your intelligence (+5).
   It makes you vulnerable to fire.
   It lets you fly.
   It lets you blink.
 P - the ring "Fuulomoenk" (right hand) {rF+ rC+ MP+9}
   (You found it in the Dungeon)

   [ring of magical power]

   It protects you from fire.
   It protects you from cold.
   It affects your magic capacity (+9).
 Q - the ring of Sahan {+Fly Dex+3}
   (You found it in the Dungeon)

   [ring of flight]

   It affects your dexterity (+3).
   It lets you fly.
 S - an uncursed ring of stealth
Wands
 F - a wand of disintegration (7/24)
 G - a wand of iceblast (5/15)
 H - a wand of lightning (5/15)
 I - a wand of acid (5/15)
Scrolls
 a - 2 scrolls of brand weapon
 k - 4 scrolls of blinking
 q - 4 scrolls of amnesia
 r - 3 scrolls of recharging
 s - 7 scrolls of fog
 t - a scroll of holy word
 u - 5 scrolls of identify
 v - 5 scrolls of remove curse
 w - 2 scrolls of fear
Potions
 d - 3 potions of might
 e - 8 potions of curing
 g - 6 potions of heal wounds
 h - 10 potions of haste
 i - 7 potions of magic
 j - 3 potions of berserk rage
 l - 2 potions of brilliance
 m - 2 potions of invisibility
 n - 4 potions of resistance
 p - 5 potions of agility
Comestibles
 f - 5 bread rations
 x - 31 fruits
 z - 4 meat rations


   Skills:
 + Level 12.7 Fighting
 * Level 18.4 Maces & Flails
 + Level 12.8 Armour
 + Level 11.4 Dodging
 + Level 12.7 Shields
 * Level 9.4 Invocations


You had 10 spell levels left.
You didn't know any spells.

Dungeon Overview and Level Annotations

Branches:
Dungeon (1/1)

Altars:
Ashenzari
Cheibriados
Dithmenos
Elyvilon
Fedhas
Gozag
Hepliaklqana
Kikubaaqudgha
Makhleb
Nemelex Xobeh
Okawaru
Qazlal
Ru
Sif Muna
Trog
Uskayaw
Vehumet
Xom
Yredelemnul
Zin
The Shining One
Beogh
Jiyva
Lugonu

Annotations:
D 1 exclusion


Innate Abilities, Weirdness & Mutations

You reflexively headbutt those who attack you in melee.
You have a pair of horns on your head.
Your life essence is reduced. (-10% HP)


Message History

GONNNNG!
You block the reaper's attack.
BOUMMMMG!
The tormentor hits you but does no damage.
The tormentor barely misses you. The efreet hits you but does no damage.
You block the wight's attack.
GONNNNG!
Unknown command.
Really attack near your ally Spork?
Okay, then.
You hit the reaper but do no damage. You block the tormentor's attack.
SHROANNG!
You block the tormentor's attack.
GONNNNG!
The freezing wraith hits you but does no damage.
You block the freezing wraith's attack.
GONNNNG!
Spork hits the wight but does no damage.
The reaper hits you from afar with a scythe of freezing!!
You die...

▓...8©8...▓..
▓..")::[[.▓..[}})}..▓..
▓..):)|:..▓...):R[..▓..
▓.........▓.........▓..
▓.........▓.........▓..
▓...§.....▓.........▓..
▓...2R2{..▓.........▓..
▓..▓.z2▓{.▓.........▓÷▓
▓.▓.§2@W▓.▓.▓....)▓.▓..
▓....R....▓.....).).▓▓▓
▓▓▓▓▓▓▓▓▓▓▓▓▓▓▓▓▓▓▓▓▓


You could see the friendly Spork the battlemage, 2 reapers, a freezing wraith, 2
tormentors, an efreet and a wight.

Vanquished Creatures
  A nagaraja (D)
  A naga warrior (D)
  A hell hog (D)
  A wolf spider (D)
  3 deep elf magi (D)
  A black mamba (D)
  2 guardian serpents (D)
  A naga mage (D)
  3 efreet (D)
  A jumping spider (D)
  A hippogriff (D)
  5 spriggans (D)
  An ushabti (D)
  2 yaks (D)
  3 water moccasins (D)
  A hell hound (D)
  A porcupine (D)
  A black bear (D)
  An orc warrior (D)
  A wasp (D)
  A necrophage (D)
  2 wolves (D)
  A bullfrog (D)
  4 scorpions (D)
  A wight (D)
  3 orc priests (D)
  3 orc wizards (D)
  An iguana (D)
  An adder zombie (D)
  6 orcs (D)
  A ball python (D)
  A bat skeleton (D)
  A giant cockroach zombie (D)
  A fire vortex (D)
59 creatures vanquished.

Vanquished Creatures (collateral kills)
  A black mamba (D)
  A fire elemental (D)
  An orc warrior (D)
  An orc priest (D)
  An iguana (D)
  A bat zombie (D)
  A ball python (D)
  A quokka zombie (D)
8 creatures vanquished.

Vanquished Creatures (others)
  4 battlemagi (D)
4 creatures vanquished.

Grand Total: 71 creatures vanquished

Notes
Turn   | Place    | Note
-------+----------+-------------------------------------------
     0 | D        | Loading the Minotaur Fighter began the quest for the Orb.
     0 | D        | Reached XP level 1. HP: 19/19 MP: 0/0
     0 | D        | Found a deep blue altar of Sif Muna.
     0 | D        | Found a bloodstained altar of Trog.
     0 | D        | Found a sacrificial altar of Ru.
     0 | D        | Found a stormy altar of Qazlal.
     0 | D        | Found an iron altar of Okawaru.
     1 | D        | Found a sparkling altar of Nemelex Xobeh.
     1 | D        | Found a blossoming altar of Fedhas.
     3 | D        | Found an ancient bone altar of Kikubaaqudgha.
     3 | D        | Found a viscous altar of Jiyva.
     3 | D        | Found a corrupted altar of Lugonu.
     3 | D        | Found a hazy altar of Hepliaklqana.
     3 | D        | Found a burning altar of Makhleb.
     3 | D        | Found an opulent altar of Gozag.
    58 | D        | Became a worshipper of Hepliaklqana
    91 | D        | Reached skill level 9 in Maces & Flails
    91 | D        | Reached XP level 2. HP: 23/23 MP: 1/1
   121 | D        | Entered arena 1.
   121 | D        | Noticed an ushabti
   130 | D        | Killed an ushabti
   130 | D        | Reached skill level 5 in Fighting
   130 | D        | Reached skill level 10 in Maces & Flails
   130 | D        | Reached skill level 5 in Armour
   130 | D        | Reached skill level 5 in Shields
   130 | D        | Reached XP level 3. HP: 32/32 MP: 2/2
   130 | D        | Reached XP level 4. HP: 37/37 MP: 3/3
   130 | D        | Reached XP level 5. HP: 43/43 MP: 4/4
   363 | D        | Reached * piety under Hepliaklqana
   363 | D        | Entered arena 2.
   363 | D        | Noticed a deep elf mage
   363 | D        | Noticed a deep elf mage
   363 | D        | Noticed a deep elf mage
   369 | D        | Killed a deep elf mage
   369 | D        | Reached skill level 12 in Maces & Flails
   369 | D        | Reached XP level 6. HP: 32/54 MP: 5/5
   369 | D        | Reached XP level 7. HP: 35/59 MP: 6/6
   371 | D        | Killed a deep elf mage
   371 | D        | Reached skill level 13 in Maces & Flails
   371 | D        | Killed a deep elf mage
   371 | D        | Reached skill level 14 in Maces & Flails
   371 | D        | Reached XP level 8. HP: 42/70 MP: 7/7
   525 | D        | Entered arena 3.
   568 | D        | Reached ** piety under Hepliaklqana
   568 | D        | Entered arena 4.
   569 | D        | Remembered your ancestor Spork as a battlemage
   596 | D        | Entered arena 5.
   718 | D        | Reached *** piety under Hepliaklqana
   718 | D        | Entered arena 6.
   718 | D        | Noticed a wolf spider
   718 | D        | Noticed a jumping spider
   726 | D        | Reached skill level 15 in Maces & Flails
   728 | D        | Killed a wolf spider
   728 | D        | Reached skill level 10 in Fighting
   728 | D        | Reached skill level 10 in Armour
   728 | D        | Reached skill level 10 in Shields
   728 | D        | Reached XP level 9. HP: 55/76 MP: 5/8
   729 | D        | Killed a jumping spider
   832 | D        | Got the ring "Kutif" {rF+ Dex+4}
   937 | D        | Entered arena 7.
   943 | D        | Reached skill level 1 in Invocations
   964 | D        | Got the ring "Fuulomoenk" {rF+ rC+ MP+9}
   967 | D        | Got the ring of Sahan {+Fly Dex+3}
   989 | D        | Reached **** piety under Hepliaklqana
   989 | D        | Entered arena 8.
   989 | D        | Noticed a hell hog
   989 | D        | Noticed an efreet
   989 | D        | Noticed an efreet
   989 | D        | Noticed an efreet
   991 | D        | Reached skill level 16 in Maces & Flails
   998 | D        | Killed a hell hog
  1002 | D        | Killed an efreet
  1005 | D        | Killed an efreet
  1005 | D        | Reached XP level 10. HP: 44/86 MP: 8/12
  1008 | D        | Reached skill level 10 in Dodging
  1008 | D        | Reached skill level 5 in Invocations
  1232 | D        | Entered arena 9.
  1232 | D        | Noticed a spriggan rider
  1244 | D        | Reached skill level 17 in Maces & Flails
  1296 | D        | Reached ***** piety under Hepliaklqana
  1296 | D        | Entered arena 10.
  1344 | D        | Got the +4 demon whip "Usoamm" {venom, Int+4}
  1416 | D        | Entered arena 11.
  1416 | D        | Noticed a naga mage
  1416 | D        | Noticed a guardian serpent
  1416 | D        | Noticed a black mamba
  1416 | D        | Noticed a black mamba
  1416 | D        | Noticed a guardian serpent
  1418 | D        | Noticed a nagaraja
  1418 | D        | Noticed a naga warrior
  1424 | D        | Killed a black mamba
  1425 | D        | Killed a black mamba
  1427 | D        | Killed a guardian serpent
  1428 | D        | Killed a naga mage
  1428 | D        | Killed a guardian serpent
  1428 | D        | Reached skill level 18 in Maces & Flails
  1428 | D        | Reached XP level 11. HP: 55/94 MP: 16/16
  1435 | D        | Killed a naga warrior
  1441 | D        | Killed a nagaraja
  1765 | D        | Got the ring "Qumif" {+Blink +Fly rF- Int+5}
  1874 | D        | Reached ****** piety under Hepliaklqana
  1874 | D        | Entered arena 12.
  1875 | D        | Noticed a reaper
  1875 | D        | Noticed a reaper
  1887 | D        | Demolished by a reaper

Vault maps used:
D:        sprint_v

Skill      XL: |  1  2  3  4  5  6  7  8  9 10 11 |
---------------+----------------------------------+-----
Maces & Flails | 9 10 12 14 15 16 18 | 18.4
Fighting       | 5 7 9 10 11 12 | 12.7
Armour         | 5 7 9 10 11 12 | 12.8
Dodging        | 3 6 7 8 9 11 | 11.4
Shields        | 5 7 9 10 11 12 | 12.7
Invocations    | 4 8 9 |  9.4

Action                   |  1- 3 |  4- 6 |  7- 9 | 10-12 || total
-------------------------+-------+-------+-------+-------++-------
Melee: Shillelagh        |     6 |     4 |    38 |    43 ||    91
       Headbutt          |     1 |     2 |     8 |    15 ||    26
       Demon whip        |       |       |       |     8 ||     8
Invok: Ancestor Identity |     1 |       |       |       ||     1
       Recall Ancestor   |       |     1 |     5 |     4 ||    10
       Ancestor Life: Ba |       |       |     1 |       ||     1
       Transference      |       |       |       |     1 ||     1
  Use: Potion            |     3 |     1 |     1 |     7 ||    12
 Stab: Distracted        |       |       |     1 |       ||     1
  Eat: Chunk             |       |       |       |     2 ||     2
       Fruit             |       |       |       |    11 ||    11
Armor: Gold dragon armou |     2 |       |     5 |    22 ||    29
Dodge: Dodged            |       |       |     3 |     7 ||    10
Block: Shield            |     5 |     5 |    41 |    96 ||   147
